 Dungeon Crawl Stone Soup version 0.31-a0-620-gd1cbd99268 (webtiles) character file.

Game seed: 4617184605104870616

7669 scionoferis the Thaumaturge (level 11, -2/81 HPs)
             Began as a Djinni Hedge Wizard on July 19, 2023.
             Was a Follower of Makhleb.
             Slain by a yak (6 damage)
             ... on level 9 of the Dungeon on Aug 23, 2023.
             The game lasted 01:09:28 (11767 turns).

scionoferis the Thaumaturge (Djinni Hedge Wizard)  Turns: 11767, Time: 01:09:28

Health: -2/81      AC: 11    Str: 11    XL:     11   Next: 41%
Gold:   252        EV: 12    Int: 18    God:    Makhleb [*.....] SH:  0 Dex: 13

rFire   + + .        b - +4 shortbow (heavy)
rCold   . . .        (shield currently unavailable)
rNeg    + . .        B - +2 ring mail {rC+}
rPois   ∞            I - +1 helmet
rElec   .            (no cloak)
rCorr   .            E - +0 pair of gloves
SInv    .            (boots unavailable)
Will    +....        O - amulet of the acrobat
Stlth   ++           M - ring of positive energy
HPRegen 0.33/turn    (no ring)
MPRegen 0.00/turn

%: acrobat, infuse magic (-3 HP)
@: flying
A: sickness immunity, fire resistance 2, cold vulnerability 1, float, innate
caster, HP casting, extra vitality 1
a: Renounce Religion


You were on level 9 of the Dungeon.
You worshipped Makhleb.
Makhleb was aware of your devotion.
You visited 2 branches of the dungeon, and saw 10 of its levels.
You also visited: Sewer.

You collected 525 gold pieces.
You spent 273 gold pieces at shops.


Innate Abilities, Weirdness & Mutations

You are immune to sickness and miasma.
You are immune to poison.
Your flesh is very heat resistant. (rF++)
You are vulnerable to cold. (rC-)
You float through the air rather than walking.
You learn spells naturally, not from books.
Your magical power is your life essence.
You have superior vitality. (+4 MHP)


   Skills:
 + Level 8.3 Fighting
 - Level 5.0 Armour
 - Level 5.0 Dodging
 - Level 5.0 Stealth
 * Level 9.4 Spellcasting
 * Level 9.4 Conjurations
 * Level 9.4 Hexes
 * Level 9.4 Summonings
 * Level 9.4 Necromancy
 * Level 9.4 Translocations
 * Level 9.4 Transmutations
 * Level 9.4 Fire Magic
 * Level 9.4 Ice Magic
 * Level 9.4 Air Magic
 * Level 9.4 Earth Magic
 * Level 9.4 Poison Magic
 + Level 2.7 Evocations


You knew the following spells:

 Your Spells              Type           Power      Damage    Failure   Level
a - Magic Dart            Conj           100%       1d8       1%          1
b - Slow                  Hex            100%       N/A       1%          1
c - Blink                 Tloc           84%        N/A       1%          2
d - Call Imp              Summ           84%        N/A       1%          2
e - Mephitic Cloud        Conj/Pois/Air  42%        N/A       1%          3
f - Freeze                Ice            100%       1d10      1%          1
g - Lesser Beckoning      Tloc           84%        N/A       1%          2
h - Vhi's Electric Charg  Tloc/Air       84%        N/A       1%          3
i - Swiftness             Air            42%        N/A       1%          3
j - Cause Fear            Hex            21%        N/A       3%          4
Your spell library was empty.

Inventory:

Hand Weapons
 a - a +2 dagger of venom
   (You took it off a goblin on level 3 of the Dungeon)
 b - a +4 heavy shortbow (weapon)
   (You took it off an orc on level 7 of the Dungeon)
 i - a +1 falchion
   (You took it off a wight on level 7 of the Dungeon)
 N - a +0 orcbow
   (You took it off a centaur on level 5 of the Dungeon)
Missiles
 h - 3 silver javelins
 m - a throwing net
 n - 20 poisoned darts
 s - a curare-tipped dart
 y - 6 boomerangs
 L - 5 javelins
Armour
 B - a +2 ring mail of cold resistance (worn)
   (You bought it in a shop on level 3 of the Dungeon)
 E - a +0 pair of gloves (worn)
   (You found it on level 5 of the Dungeon)
 G - the +7 chain mail "Ifaoppoany" {rC+}
   (You found it on level 5 of the Dungeon)

   rC+:       It protects you from cold.
 I - a +1 helmet (worn)
   (You found it on level 6 of the Dungeon)
Magical Staves
 U - a staff of earth
   (You found it on level 8 of the Dungeon)
Jewellery
 M - a ring of positive energy (left hand)
   (You took it off a kobold on level 8 of the Dungeon)
 O - an amulet of the acrobat (around neck)
   (You took it off an orc on level 7 of the Dungeon)
 P - an amulet of reflection
   (You took it off an orc on level 7 of the Dungeon)
Talismans
 S - a serpent talisman
   (You found it on level 8 of the Dungeon)
 T - a maw talisman
   (You found it on level 8 of the Dungeon)
Wands
 A - a wand of roots (10)
   (You took it off Ijyb on level 4 of the Dungeon)
 F - a wand of flame (29)
   (You found it on level 6 of the Dungeon)
 K - a wand of charming (8)
   (You found it on level 6 of the Dungeon)
 Q - a wand of acid (11)
   (You took it off an orc on level 7 of the Dungeon)
 W - a wand of digging (5)
   (You found it on level 9 of the Dungeon)
Scrolls
 c - 2 scrolls of fog
 e - a scroll of immolation
 f - 2 scrolls of enchant armour
 k - 2 scrolls of poison {unknown}
 o - a scroll of acquirement
 v - 4 scrolls of noise {unknown}
 x - a scroll of silence
 D - 4 scrolls of teleportation {unknown}
 J - a scroll of revelation
 V - a scroll of torment {unknown}
Potions
 d - 3 potions of might
 g - 2 potions of heal wounds {unknown}
 j - 4 potions of haste {unknown}
 p - 3 potions of enlightenment
 q - 2 potions of brilliance
 r - 2 potions of mutation {unknown}
 t - 5 potions of curing
 u - a potion of ambrosia {unknown}
 w - 3 potions of degeneration {unknown}
 C - 2 potions of attraction {unknown}
 H - a potion of lignification {unknown}
 R - 2 potions of resistance {unknown}

Dungeon Overview and Level Annotations

Branches:
Dungeon (9/15)             Temple (1/1) D:7            Lair (0/5) D:9
  Sewer (visited)
    Orc: D:9-12

Altars:
Ashenzari
Cheibriados
Dithmenos
Elyvilon
Fedhas
Gozag
Hepliaklqana
Makhleb
Nemelex Xobeh
Okawaru
Qazlal
Ru
Trog
Uskayaw
Wu Jian
Xom
Yredelemnul
Zin
The Shining One

Shops:
D:1 [   D:3 [

Annotations:
D:7 Joseph
D:9 2 runed translucent doors

..........######Y#..............#
.................##.#.......#####
.................'......W...#
................Y##.........#
.............Y...##.?.#.......#
.........<.....Y.##....#......#
.................#..#!.........#
..............[).#....>........#
.........######Y@#..... .......
.....#####....#..'.....# .....
.....#........#.[#......
...).#........'..#......
.#####........#..# .....
.#........5§°.#..# .....
.#........Y.○.#..# #.##
.#......§§.☼..#... ..
.#.......!#####....


You could see a death yak and 3 yaks.


Message History

Your cerulean imp hits the wraith with a -1 spear.
The wraith hits you but does no damage.
Fire: b) +4 shortbow (heavy)
Press: ? - help, Q - select action, (/) - cycle Shift-Dir - straight line, f/p - wraith
Aim: a wraith (heavily damaged, ally target, 65% to hit)
You shoot an arrow. The arrow hits the wraith!
The wraith is severely damaged.
Your cerulean imp hits the wraith with a -1 spear.
The wraith barely misses you.
Your cerulean imp barely misses the wraith.
The wraith barely misses you.
Fire: b) +4 shortbow (heavy)
Press: ? - help, Q - select action, (/) - cycle Shift-Dir - straight line, f/p - wraith
Aim: a wraith (severely damaged, ally target, 65% to hit)
You shoot an arrow. The arrow barely misses the wraith.
Your cerulean imp hits the wraith but does no damage.
The wraith barely misses your cerulean imp.
Your cerulean imp hits the wraith with a -1 spear.
The wraith hits your cerulean imp but does no damage.
Your cerulean imp barely misses the wraith.
Fire: b) +4 shortbow (heavy)
Press: ? - help, Q - select action, (/) - cycle Shift-Dir - straight line, f/p - wraith
Aim: a wraith (almost destroyed, not watching you, ally target, 65% to hit)
You shoot an arrow. The arrow hits the wraith!
You destroy the wraith!
Makhleb accepts your kill.
There is an open door here.
Fire: b) +4 shortbow (heavy)
Press: ? - help, Q - select action, (/) - cycle Shift-Dir - straight line, f - orc wizard
Aim: an orc wizard, wielding a +0 dagger and wearing a +0 robe (asleep, ally target, 98% to hit)
You shoot an arrow. The arrow hits the orc wizard!
The orc wizard shouts!
The orc wizard is almost dead.
You hear a shout!
An orc warrior comes into view. It is wielding a +0 dire flail.
An orc priest comes into view. It is wielding a +0 whip.
Your cerulean imp closely misses the orc wizard.
An orc comes into view. It is wielding a +0 war axe.
The orc wizard points at you and mumbles some strange words.
The puff of flame hits your cerulean imp!
Your cerulean imp hits the orc wizard but does no damage.
Your cerulean imp hits the orc wizard but does no damage.
The orc wizard barely misses your cerulean imp.
Your cerulean imp completely misses the orc wizard.
The orc priest barely misses your cerulean imp.
The orc wizard completely misses your cerulean imp.
There is an open door here.
Your cerulean imp barely misses the orc wizard.
The orc priest looks satisfied for a moment.
The orc wizard casts a spell at your cerulean imp.
Your cerulean imp easily resists.
You start waiting.
An orc warrior is nearby!
Casting: Call Imp (safe; 1% risk of failure)
Confirm with . or Enter, or press ? or * to list all spells.
Aiming: Mephitic Cloud (safe; 1% risk of failure)
Press: ? - help, Shift-Dir - straight line, f - orc warrior
Aim: an orc warrior, wielding a +0 dire flail and wearing a +0 plate armour (chance to affect: 81%)
The ball explodes into a vile cloud!
The stinking cloud engulfs the orc warrior but does no damage.
You hear a shout!
You hear a bellow! x5
The orc warrior is engulfed in noxious fumes.
The orc warrior appears confused.
You hear a bellow! x2
Fire: b) +4 shortbow (heavy)
Press: ? - help, Q - select action, (/) - cycle Shift-Dir - straight line, f/p - orc warrior
Aim: an orc warrior, wielding a +0 dire flail and wearing a +0 plate armour (confused, 81% to hit)
You shoot an arrow.
The arrow hits the orc warrior but does no damage.
Fire: b) +4 shortbow (heavy)
Press: ? - help, Q - select action, (/) - cycle Shift-Dir - straight line, f/p - orc warrior
Aim: an orc warrior, wielding a +0 dire flail and wearing a +0 plate armour (confused, 81% to hit)
You shoot an arrow.
The arrow barely misses the orc warrior.
The orc warrior hits itself with a +0 dire flail.
The orc wizard is engulfed in noxious fumes.
The orc wizard appears confused.
Fire: b) +4 shortbow (heavy)
Press: ? - help, Q - select action, (/) - cycle Shift-Dir - straight line, f/p - orc warrior
Aim: an orc warrior, wielding a +0 dire flail and wearing a +0 plate armour (lightly wounded, confused, 81% to hit)
Okay, then.
Your +2 dagger of venom begins to drip with poison!
a - a +2 dagger of venom (weapon)
You hit the orc warrior.
The orc warrior is poisoned.
The orc warrior is lightly wounded.
The orc warrior seems less confused.
The orc priest is engulfed in noxious fumes.
The orc priest appears confused.
The orc priest hits the orc wizard with a +0 whip.
The orc warrior hits you with a +0 dire flail!
Something hits the orc wizard.
The orc wizard is killed!
Makhleb accepts your kill.
Casting: Mephitic Cloud (safe; 1% risk of failure)
Confirm with . or Enter, or press ? or * to list all spells.
Aiming: Mephitic Cloud (safe; 1% risk of failure)
Press: ? - help, Shift-Dir - straight line, f/p - orc warrior
Aim: an orc warrior, wielding a +0 dire flail and wearing a +0 plate armour (moderately wounded, very poisoned, chance to affect: 81%)
The ball explodes into a vile cloud!
The stinking cloud engulfs the orc warrior but does no damage.
The orc warrior is moderately wounded.
The stinking cloud engulfs you but does no damage.
You hear a bellow! x5
The orc warrior is engulfed in noxious fumes.
The orc warrior appears confused.
You hear a bellow!
You hit the orc warrior but do no damage.
The orc warrior looks as sick as possible!
The orc warrior is moderately wounded.
The orc warrior is engulfed in noxious fumes.
The orc warrior appears confused.
The orc warrior misses you.
You barely miss the orc warrior.
The orc warrior is moderately wounded.
The orc warrior is engulfed in noxious fumes.
The orc warrior appears confused.
The orc warrior hits you with a +0 dire flail!
You hit the orc warrior but do no damage.
The orc warrior is heavily wounded.
The orc warrior hits itself with a +0 dire flail.
You hit the orc warrior but do no damage.
The orc warrior looks as sick as possible!
The orc warrior is severely wounded.
You kill the orc warrior!
Makhleb accepts your kill.
Your Evocations skill increases to level 1!
The orc priest barely misses you.
You hit the orc priest.
The orc priest is poisoned.
The orc priest is lightly wounded.
The orc priest misses you.
You hit the orc priest.
The orc priest looks as sick as possible!
The orc priest is moderately wounded.
The orc priest seems less confused.
The orc priest closely misses you.
You barely miss the orc priest.
The orc priest is heavily wounded.
The orc priest begins to cast a cantrip, but forgets the words!
You hit the orc priest but do no damage.
The orc priest looks as sick as possible!
The orc priest is severely wounded.
You kill the orc priest!
Makhleb accepts your kill.
You see here a +0 whip.
Things that are here:
a +0 dire flail; a +0 plate armour; an orc corpse
There is a stone staircase leading up here.
You fly upwards.
There is a stone staircase leading down here.
You start resting.
HP restored.
Your +2 dagger of venom stops dripping with poison.
b - a +4 heavy shortbow (weapon)
You fly downwards.
There is a stone staircase leading up here.
The ice dragon roars deafeningly!
Found a runed translucent door.
Press: ? - help, v - describe, . - travel, g - get item Item here: the +2 shield of Resistance {rF++ rC++ Will++}.
The floor.
Unknown command.
The ice dragon roars deafeningly!
The fire dragon roars deafeningly!
The fire dragon roars deafeningly!
Found a runed translucent door.
Found 2 scrolls labelled OBIG VAANOYRCH.
f - 2 scrolls labelled OBIG VAANOYRCH You reach down and open the door.
There is an open door here.
r - 2 silvery potions (gained 1)
You reach down and open the door.
There is an open door here.
As you open the door, it creaks loudly!
You hear an angry hiss.
A wyvern comes into view.
Found a stone staircase leading down.
Fire: b) +4 shortbow (heavy)
Press: ? - help, Q - select action, (/) - cycle Shift-Dir - straight line, f - wyvern
Aim: a wyvern (65% to hit)
You shoot an arrow. The arrow hits the wyvern!
The wyvern is heavily wounded.
The wyvern hisses menacingly.
Fire: b) +4 shortbow (heavy)
Press: ? - help, Q - select action, (/) - cycle Shift-Dir - straight line, f/p - wyvern
Aim: a wyvern (heavily wounded, 65% to hit)
You shoot an arrow.
The arrow hits the wyvern but does no damage.
The wyvern is heavily wounded.
The wyvern barely misses you. x2
Your +2 dagger of venom begins to drip with poison!
a - a +2 dagger of venom (weapon)
You hit the wyvern.
The wyvern is poisoned.
The wyvern is heavily wounded.
The wyvern bites you! x2
You hit the wyvern but do no damage.
The wyvern looks as sick as possible!
The wyvern is heavily wounded.
The wyvern closely misses you.
You barely miss the wyvern.
The wyvern is severely wounded.
The wyvern barely misses you. The wyvern bites you!
You closely miss the wyvern.
The wyvern is almost dead.
You kill the wyvern!
Makhleb accepts your kill.
Training target 5.0 for Armour reached!
Your Armour skill increases to level 5!
Your Spellcasting skill increases to level 9!
Your Conjurations skill increases to level 9!
Your Hexes skill increases to level 9!
Your Summonings skill increases to level 9!
Your Necromancy skill increases to level 9!
Your Translocations skill increases to level 9!
Your Transmutations skill increases to level 9!
Your Fire Magic skill increases to level 9!
Your Ice Magic skill increases to level 9!
Your Air Magic skill increases to level 9!
Your Earth Magic skill increases to level 9!
Your Poison Magic skill increases to level 9!
Your +2 dagger of venom stops dripping with poison.
b - a +4 heavy shortbow (weapon)
HP restored.
There is an open door here.
j - 4 fuming green potions (gained 2)
You reach down and open the door.
Found a stone staircase leading down and a stone staircase leading up.
There is an open door here.
A water moccasin and a wraith come into view.
There is a stone staircase leading up here.
Fire: b) +4 shortbow (heavy)
Press: ? - help, Q - select action, (/) - cycle Shift-Dir - straight line, f - wraith
Aim: a wraith (65% to hit)
You shoot an arrow. The arrow closely misses the wraith.
Unknown command.
Fire: b) +4 shortbow (heavy)
Press: ? - help, Q - select action, (/) - cycle Shift-Dir - straight line, f/p - wraith
Aim: a wraith (65% to hit)
You shoot an arrow. The arrow hits the wraith!
The wraith is moderately damaged.
Unknown command.
The wraith closely misses you.
You fly upwards.
There is a stone staircase leading down here.
Casting: Mephitic Cloud (safe; 1% risk of failure)
Confirm with . or Enter, or press ? or * to list all spells.
A tiny devil pulls itself out of the air.
The wraith hits you. The wraith drains your vigour!
You feel yourself slow down.
Fire: b) +4 shortbow (heavy)
Press: ? - help, Q - select action, (/) - cycle Shift-Dir - straight line, f - wraith
Aim: a wraith (moderately damaged, ally target, 65% to hit)
You shoot an arrow. The arrow hits the wraith.
The wraith is moderately damaged.
The wraith hits you! The wraith drains your vigour!
You feel as though you will be slow longer.
The wraith hits you. The wraith drains your vigour!
You feel as though you will be slow longer.
Your cerulean imp hits the wraith from afar with a +0 spear.
The wraith hits you. The wraith drains your vigour!
You feel as though you will be slow longer.
Your cerulean imp closely misses the wraith.
Unknown command.
Fire: b) +4 shortbow (heavy)
Press: ? - help, Q - select action, (/) - cycle Shift-Dir - straight line, f/p - wraith
Aim: a wraith (heavily damaged, ally target, 65% to hit)
You shoot an arrow.
The arrow hits the wraith but does no damage.
The wraith is heavily damaged.
The wraith closely misses you.
Your cerulean imp hits the wraith but does no damage.
The wraith hits you but does no damage.
Your cerulean imp barely misses the wraith.
The wraith hits you.
Your cerulean imp misses the wraith.
The wraith hits you but does no damage.
Unknown command.
Fire: b) +4 shortbow (heavy)
Press: ? - help, Q - select action, (/) - cycle Shift-Dir - straight line, f/p - wraith
Aim: a wraith (heavily damaged, ally target, 65% to hit)
You shoot an arrow. The arrow hits the wraith.
The wraith is heavily damaged.
Your cerulean imp hits the wraith from afar with a +0 spear.
The wraith closely misses you.
Your cerulean imp hits the wraith but does no damage.
Your cerulean imp misses the wraith.
The wraith closely misses your cerulean imp.
Your cerulean imp hits the wraith but does no damage.
Fire: b) +4 shortbow (heavy)
Press: ? - help, Q - select action, (/) - cycle Shift-Dir - straight line, f/p - wraith
Aim: a wraith (severely damaged, not watching you, ally target, 65% to hit)
You shoot an arrow. The arrow barely misses the wraith.
The wraith barely misses your cerulean imp.
Your cerulean imp hits the wraith but does no damage.
The wraith hits your cerulean imp.
Your cerulean imp hits the wraith with a +0 spear.
The wraith barely misses your cerulean imp.
Your cerulean imp hits the wraith with a +0 spear.
Fire: b) +4 shortbow (heavy)
Press: ? - help, Q - select action, (/) - cycle Shift-Dir - straight line, f/p - wraith
Aim: a wraith (severely damaged, not watching you, ally target, 65% to hit)
You shoot an arrow.
The arrow hits the wraith but does no damage.
The wraith is severely damaged.
The wraith hits you! The wraith drains your vigour!
You feel as though you will be slow longer.
Your cerulean imp closely misses the wraith.
The wraith hits you but does no damage.
Your cerulean imp hits the wraith with a +0 spear.
The wraith hits you but does no damage.
Your cerulean imp hits the wraith but does no damage.
The wraith hits you but does no damage.
Your +2 dagger of venom begins to drip with poison!
a - a +2 dagger of venom (weapon)
Your cerulean imp hits the wraith with a +0 spear.
You hit the wraith but do no damage. Your punch misses the wraith.
The wraith is almost destroyed.
The wraith hits you.
Your cerulean imp barely misses the wraith.
The wraith completely misses you.
Your cerulean imp closely misses the wraith.
You hit the wraith but do no damage.
The wraith is almost destroyed.
The wraith hits you but does no damage.
Your cerulean imp hits the wraith with a +0 spear.
You hit the wraith but do no damage. You punch the wraith, but do no damage.
The wraith is almost destroyed.
The wraith barely misses you.
Your cerulean imp hits the wraith but does no damage.
The wraith closely misses you.
Your cerulean imp barely misses the wraith.
You hit the wraith.
The wraith is almost destroyed.
The wraith hits you but does no damage.
Your cerulean imp hits the wraith but does no damage.
You catch the helpless wraith completely off-guard!
You hit the wraith.
The wraith is almost destroyed.
The wraith misses you.
Your cerulean imp hits the wraith but does no damage.
The wraith hits you!
Your cerulean imp hits the wraith with a +0 spear.
You hit the wraith.
You destroy the wraith!
Makhleb accepts your kill.
You feel better.
Your cerulean imp disappears in a puff of smoke!
Your +2 dagger of venom stops dripping with poison.
b - a +4 heavy shortbow (weapon)
You start resting.
You feel yourself speed up.
You start resting.
HP restored.
You fly downwards.
Level annotation: 2 runed translucent doors
There is a stone staircase leading up here.
Found a scroll labelled OFAYNYQOSA.
v - 4 scrolls labelled OFAYNYQOSA (gained 1) As you open the door, it creaks loudly!
There is an open door here.
You reach down and open the door.
Found a glowing orange potion, a wand of flame (11) and a fuming red potion.
The ice dragon roars deafeningly!
There is an open door here.
You shoot an arrow.
The arrow hits the water moccasin but does no damage.
You shoot an arrow.
The arrow closely misses the water moccasin.
The water moccasin closely misses you. The water moccasin misses you.
You shoot an arrow.
The arrow barely misses the water moccasin.
The water moccasin barely misses you. The water moccasin misses you.
The water moccasin bites you.
You shoot an arrow. The arrow hits the water moccasin!
The water moccasin is heavily wounded.
The water moccasin bites you but does no damage.
The water moccasin misses you. The water moccasin bites you!
You shoot an arrow. The arrow hits the water moccasin.
The water moccasin is heavily wounded.
The water moccasin bites you but does no damage.
The water moccasin closely misses you. The water moccasin bites you.
You shoot an arrow.
The arrow completely misses the water moccasin.
The water moccasin closely misses you.
The water moccasin bites you but does no damage. x2
You shoot an arrow. The arrow hits the water moccasin!
You kill the water moccasin!
Makhleb accepts your kill.
Your Fighting skill increases to level 8!
No target in view!
HP restored.
There is an open door here.
Found 4 stones.
Found a scroll labelled XAOGASHR JOBB.
The fire dragon roars deafeningly!
You hear a deafening roar! x2
g - 2 glowing orange potions (gained 1)
F - a wand of flame (29) (gained 11 charges)
The ice dragon roars deafeningly!
Found a hazy altar of Hepliaklqana.
R - 2 fuming red potions (gained 1)
V - a scroll labelled XAOGASHR JOBB Unknown command.
There is a hazy altar of Hepliaklqana here.
You now have 179 gold pieces (gained 17).
You reach down and open the door.
There is an open door here.
You now have 196 gold pieces (gained 17).
You now have 202 gold pieces (gained 6).
There is an open door here.
W - a wand of digging (5)
Okay, then.
Found a scroll labelled WIG JEDOSTUCH.
A yak comes into view.
You shoot an arrow. The yak bellows!
The arrow hits the yak.
The yak is moderately wounded.
You hear a bellow! x3
A yak comes into view.
You hear a bellow!
A death yak comes into view.
The death yak moves out of view.
There is a stone staircase leading up here.
Casting: Call Imp (safe; 1% risk of failure)
Confirm with . or Enter, or press ? or * to list all spells.
Aiming: Mephitic Cloud (safe; 1% risk of failure)
Press: ? - help, Shift-Dir - straight line, f/p - yak
Aim: a yak (lightly wounded, chance to affect: 67%)
The ball explodes into a vile cloud!
The stinking cloud engulfs the yak but does no damage.
The yak is lightly wounded.
You hear a bellow! x2
A yak comes into view.
Your +2 dagger of venom begins to drip with poison!
a - a +2 dagger of venom (weapon)
The yak is engulfed in noxious fumes.
The yak appears confused.
The yak is engulfed in noxious fumes.
The yak appears confused.
The yak is engulfed in noxious fumes.
The yak appears confused.
Casting: Mephitic Cloud (safe; 1% risk of failure)
Confirm with . or Enter, or press ? or * to list all spells.
Aiming: Mephitic Cloud (safe; 1% risk of failure)
Press: ? - help, Shift-Dir - straight line, f - yak, p - yak
Aim: a yak (confused, chance to affect: 67%)
The ball explodes into a vile cloud!
The stinking cloud engulfs the yak but does no damage. x2
The yak is lightly wounded.
You hear a bellow!
The yak is engulfed in noxious fumes.
Unknown command.
You hit the yak but do no damage.
The yak is engulfed in noxious fumes.
The yak misses you.
You hit the yak.
The yak is poisoned.
The yak is lightly wounded.
The yak is engulfed in noxious fumes.
The yak appears confused.
The yak is engulfed in noxious fumes.
Casting: Mephitic Cloud (safe; 1% risk of failure)
Confirm with . or Enter, or press ? or * to list all spells.
Okay, then.
Casting: Mephitic Cloud (safe; 1% risk of failure)
Confirm with . or Enter, or press ? or * to list all spells.
Aiming: Mephitic Cloud (safe; 1% risk of failure)
Press: ? - help, Shift-Dir - straight line, f - yak, p - yak
Aim: a yak (lightly wounded, confused, chance to affect: 67%)
The ball explodes into a vile cloud!
The stinking cloud engulfs the yak but does no damage.
The yak is lightly wounded.
The stinking cloud engulfs the yak but does no damage. x2
The yak is lightly wounded.
The ice dragon roars deafeningly!
The yak is engulfed in noxious fumes.
The yak appears confused.
The yak gores the yak!
The yak is engulfed in noxious fumes.
The yak appears confused.
The yak is engulfed in noxious fumes.
The yak gores itself.
Unknown command.
You hit the yak.
The yak is poisoned.
The yak is heavily wounded.
The yak is engulfed in noxious fumes.
The yak appears confused.
The yak is engulfed in noxious fumes.
The yak appears confused.
The yak is engulfed in noxious fumes.
The yak appears confused.
You barely miss the yak.
The yak is heavily wounded.
The yak is engulfed in noxious fumes.
The yak gores you.
The yak is engulfed in noxious fumes.
The yak appears confused.
The fire dragon roars deafeningly!
You hit the yak.
The yak looks even sicker.
The yak is severely wounded.
The yak is engulfed in noxious fumes.
The yak appears confused.
The yak is engulfed in noxious fumes.
The yak appears confused.
You hit the yak but do no damage.
The yak is moderately wounded.
A wraith comes into view.
The yak gores you!
The yak barely misses itself.
You fly upwards.
There is a stone staircase leading down here.
You reach down and open the door.
There is an open door here.
There is a stone staircase leading down here.
You start resting.
HP restored.
You fly downwards.
Level annotation: 2 runed translucent doors
There is a stone staircase leading up here.
Your +2 dagger of venom stops dripping with poison.
b - a +4 heavy shortbow (weapon)
You reach down and open the door. 3 killer bees come into view.
Your +2 dagger of venom begins to drip with poison!
a - a +2 dagger of venom (weapon)
The killer bee buzzes angrily. x2
A killer bee comes into view. x2
Casting: Mephitic Cloud (safe; 1% risk of failure)
Confirm with . or Enter, or press ? or * to list all spells.
Aiming: Mephitic Cloud (safe; 1% risk of failure)
Press: ? - help, Shift-Dir - straight line, f - killer bee
Aim: a killer bee (chance to affect: 86%)
The ball explodes into a vile cloud!
The stinking cloud engulfs the killer bee but does no damage.
The killer bee buzzes angrily. x2
The killer bee is engulfed in noxious fumes.
The killer bee appears confused.
The killer bee stings you.
The killer bee barely misses itself.
You barely miss the killer bee.
The killer bee is engulfed in noxious fumes.
The killer bee appears confused.
You hit the killer bee.
The killer bee is poisoned.
The killer bee is moderately wounded.
The killer bee stings you but does no damage.
The killer bee barely misses the killer bee.
You hit the killer bee.
The killer bee looks as sick as possible!
The killer bee is heavily wounded.
The killer bee is engulfed in noxious fumes.
The killer bee appears confused.
The killer bee is engulfed in noxious fumes.
The killer bee appears confused.
The killer bee barely misses the killer bee.
The killer bee is engulfed in noxious fumes.
The killer bee appears confused.
You barely miss the killer bee.
You kill the killer bee!
Makhleb accepts your kill. The killer bee barely misses you.
The killer bee barely misses the killer bee.
The killer bee stings the killer bee.
You hit the killer bee.
The killer bee is poisoned.
The killer bee is lightly wounded.
The killer bee stings you but does no damage.
You hit the killer bee.
The killer bee is severely wounded.
The killer bee barely misses the killer bee. x2
The killer bee barely misses you.
The killer bee stings you but does no damage.
You hit the killer bee.
You kill the killer bee!
Makhleb accepts your kill.
The killer bee stings the killer bee but does no damage.
The killer bee stings itself.
The killer bee barely misses the killer bee.
The killer bee stings the killer bee.
The killer bee stings the killer bee!
The killer bee is killed!
Makhleb accepts your kill.
Your Evocations skill increases to level 2!
The killer bee stings itself.
You strike the helpless killer bee from behind!
You puncture the killer bee!
The killer bee is almost dead.
The killer bee seems less confused.
The killer bee barely misses you.
You hit the killer bee.
The killer bee is almost dead.
The killer bee stings you. The killer bee closely misses you.
The killer bee stings you but does no damage.
You catch the helpless killer bee completely off-guard!
You puncture the killer bee!
You kill the killer bee!
Makhleb accepts your kill. The killer bee barely misses you. x2
You miss the killer bee.
The killer bee is moderately wounded.
The killer bee stings you. x2
You closely miss the killer bee.
The killer bee is moderately wounded.
The killer bee barely misses you. The killer bee misses you.
You hit the killer bee but do no damage.
The killer bee is poisoned.
The killer bee is moderately wounded.
The killer bee barely misses you. The killer bee closely misses you.
You hit the killer bee.
The killer bee is severely wounded.
The killer bee misses you.
The killer bee stings you but does no damage.
You hit the killer bee.
The killer bee looks as sick as possible!
The killer bee is almost dead.
You kill the killer bee!
Makhleb accepts your kill.
You start resting.
HP restored.
There is an open door here.
There is an open door here.
A yak comes into view.
Your +2 dagger of venom stops dripping with poison.
b - a +4 heavy shortbow (weapon)
You shoot an arrow. The arrow hits the yak!!
The yak bellows!
The yak is heavily wounded.
You hear a bellow!
A yak comes into view. x2
You shoot an arrow.
The arrow hits the yak but does no damage.
The yak is heavily wounded.
Casting: Mephitic Cloud (safe; 1% risk of failure)
Confirm with . or Enter, or press ? or * to list all spells.
Aiming: Mephitic Cloud (safe; 1% risk of failure)
Press: ? - help, Shift-Dir - straight line, f/p - yak
Aim: a yak (heavily wounded, chance to affect: 67%)
The ball explodes into a vile cloud!
The stinking cloud engulfs the yak but does no damage.
The yak is heavily wounded.
You hear a bellow!
The yak is engulfed in noxious fumes.
The yak appears confused.
You shoot an arrow. The arrow hits the yak!
The yak is severely wounded.
The yak is engulfed in noxious fumes.
The yak appears confused.
The yak is engulfed in noxious fumes.
The yak gores itself!
The yak is killed!
Makhleb accepts your kill.
You shoot an arrow. The arrow hits the yak.
The yak is lightly wounded.
The yak is engulfed in noxious fumes.
The yak appears confused.
You shoot an arrow. The arrow hits the yak!
The yak is heavily wounded.
The yak is engulfed in noxious fumes.
The yak appears confused.
The yak is engulfed in noxious fumes.
The yak appears confused.
Your +2 dagger of venom begins to drip with poison!
a - a +2 dagger of venom (weapon)
You completely miss the yak.
The yak is heavily wounded.
The yak gores you.
You catch the helpless yak completely off-guard!
You puncture the yak!
The yak is poisoned.
The yak is severely wounded.
The yak gores you!
The yak gores itself.
You hit the yak.
You kill the yak!
Makhleb accepts your kill.
The yak seems less confused.
The yak gores you!
You hit the yak but do no damage. The yak barely misses you.
You hit the yak but do no damage.
The yak is poisoned.
You punch the yak, but do no damage. The yak gores you but does no damage.
You hit the yak but do no damage.
The yak looks as sick as possible!
The yak gores you.
You hit the yak.
The yak looks as sick as possible!
The yak is lightly wounded.
The yak gores you but does no damage.
You hit the yak.
The yak looks as sick as possible!
The yak is lightly wounded.
The yak gores you.
You hit the yak but do no damage.
The yak looks as sick as possible!
You punch the yak.
The yak is moderately wounded.
The yak closely misses you.
You hit the yak.
The yak looks as sick as possible!
The yak is moderately wounded.
The yak barely misses you.
You hit the yak.
The yak looks as sick as possible!
The yak is heavily wounded.
The yak barely misses you.
You hit the yak.
The yak looks as sick as possible!
The yak is heavily wounded.
The yak gores you.
You hit the yak but do no damage.
The yak looks as sick as possible!
The yak is severely wounded.
The yak gores you!
You hit the yak but do no damage.
The yak looks as sick as possible!
The yak is almost dead.
The yak gores you!
You hit the yak.
You kill the yak!
Makhleb accepts your kill.
You start resting.
HP restored.
Your +2 dagger of venom stops dripping with poison.
b - a +4 heavy shortbow (weapon)
There is an open door here.
There is an open door here.
The ice dragon roars deafeningly!
You hear a deafening roar!
The fire dragon roars deafeningly!
The fire dragon roars deafeningly!
There is an open door here.
You now have 215 gold pieces (gained 13).
w - 3 lumpy yellow potions (gained 1)
You shoot an arrow. The arrow completely misses the orc.
The orc shouts!
The orc throws a stone.
The stone closely misses you.
The orc throws a stone.
The stone completely misses you.
The orc throws a stone.
The stone misses you.
You shoot an arrow. The arrow hits the orc!
You kill the orc!
Makhleb accepts your kill.
You now have 225 gold pieces (gained 10).
Found an escape hatch in the floor.
Found a staircase to the Lair.
A wraith is nearby!
Casting: Mephitic Cloud (safe; 1% risk of failure)
Confirm with . or Enter, or press ? or * to list all spells.
A tiny devil pulls itself out of the air.
A yak comes into view.
Fire: b) +4 shortbow (heavy)
Press: ? - help, Q - select action, (/) - cycle Shift-Dir - straight line, f - wraith
Aim: a wraith (ally target, 66% to hit)
You shoot an arrow. The arrow barely misses the wraith.
The yak bellows!
You hear a bellow! x3
A death yak comes into view. x2
Your cerulean imp hits the wraith but does no damage.
The death yak moves out of view.
Your cerulean imp misses the wraith.
The wraith hits your cerulean imp!
Your cerulean imp dies!
Your cerulean imp disappears in a puff of smoke!
The yak bellows!
You hear a bellow! x2
The fire dragon roars deafeningly!
The fire dragon roars deafeningly!
The ice dragon roars deafeningly!
The ice dragon roars deafeningly!
Casting: Call Imp (safe; 1% risk of failure)
Confirm with . or Enter, or press ? or * to list all spells.
Aiming: Mephitic Cloud (safe; 1% risk of failure)
Press: ? - help, Shift-Dir - straight line The ball explodes into a vile cloud!
The stinking cloud engulfs the yak but does no damage.
You hear a bellow! x3
The yak is engulfed in noxious fumes.
The yak appears confused.
Unknown command.
You shoot an arrow. The arrow hits the yak!
The yak is moderately wounded.
You shoot an arrow. The arrow hits the yak!
The yak is heavily wounded.
Casting: Mephitic Cloud (safe; 1% risk of failure)
Confirm with . or Enter, or press ? or * to list all spells.
A tiny devil pulls itself out of the air.
Fire: b) +4 shortbow (heavy)
Press: ? - help, Q - select action, (/) - cycle Shift-Dir - straight line, f/p - yak
Aim: a yak (heavily wounded, confused, ally target, 88% to hit)
You shoot an arrow. The arrow hits the yak!
The yak is severely wounded.
Your cerulean imp hits the yak from afar with a +0 spear.
Fire: b) +4 shortbow (heavy)
Press: ? - help, Q - select action, (/) - cycle Shift-Dir - straight line, f/p - yak
Aim: a yak (severely wounded, confused, ally target, 88% to hit)
You shoot an arrow.
The arrow hits the yak but does no damage.
The yak is severely wounded.
The yak seems less confused.
The yak gores you.
Your cerulean imp hits the yak from afar with a +0 spear.
Your cerulean imp barely misses the yak.
Your +2 dagger of venom begins to drip with poison!
a - a +2 dagger of venom (weapon)
The yak gores your cerulean imp!
Your cerulean imp hits the yak with a +0 spear.
You hit the yak.
You kill the yak!
Makhleb accepts your kill. The wraith misses you.
Your cerulean imp hits the wraith from afar with a +0 spear.
Your +2 dagger of venom stops dripping with poison.
b - a +4 heavy shortbow (weapon)
The wraith hits you but does no damage.
You shoot an arrow. The arrow hits the wraith!
The wraith is moderately damaged.
Your cerulean imp closely misses the wraith.
The wraith hits you. The wraith drains your vigour!
You feel yourself slow down.
Your cerulean imp hits the wraith from afar with a +0 spear.
The wraith closely misses you.
You shoot an arrow. The arrow hits the wraith!!
The wraith is almost destroyed.
Your cerulean imp misses the wraith.
The wraith hits you but does no damage.
Your cerulean imp hits the wraith but does no damage.
The wraith hits you but does no damage.
Your cerulean imp barely misses the wraith.
The wraith misses you.
Your cerulean imp barely misses the wraith.
You shoot an arrow.
The arrow hits the wraith but does no damage.
The wraith is almost destroyed.
The wraith hits you. The wraith drains your vigour!
You feel as though you will be slow longer.
Your cerulean imp barely misses the wraith.
The wraith hits you. The wraith drains your vigour!
You feel as though you will be slow longer.
Your cerulean imp hits the wraith but does no damage.
The wraith hits you.
Your cerulean imp closely misses the wraith.
You shoot an arrow. The arrow hits the wraith!
You destroy the wraith!
Makhleb accepts your kill.
Unknown command.
There is an open door here.
Your cerulean imp disappears in a puff of smoke!
You feel yourself speed up.
There is a stone staircase leading up here.
You fly upwards.
There is a stone staircase leading down here.
You start resting.
HP restored.
Unknown command.
You fly downwards.
Level annotation: 2 runed translucent doors
There is a stone staircase leading up here.
You now have 237 gold pieces (gained 12).
You now have 252 gold pieces (gained 15).
You reach down and open the door.
There is an open door here.
X - a scroll of identify
As you read the scroll of identify, it crumbles to dust.
f - 2 scrolls of enchant armour
c - 2 scrolls of fog (gained 1)
You reach down and open the door.
Found an escape hatch in the ceiling.
There is an open door here.
There is an open door here.
There is an open door here.
A yak comes into view.
Casting: Call Imp (safe; 1% risk of failure)
Confirm with . or Enter, or press ? or * to list all spells.
Aiming: Mephitic Cloud (safe; 1% risk of failure)
Press: ? - help, Shift-Dir - straight line, f - yak
Aim: a yak (chance to affect: 67%)
The ball explodes into a vile cloud!
The stinking cloud engulfs the yak but does no damage.
You hear a bellow! x6
The yak is engulfed in noxious fumes.
The yak appears confused.
You hear a bellow! x2
You shoot an arrow. The arrow hits the yak!
The yak is moderately wounded.
The yak is engulfed in noxious fumes.
The yak appears confused.
The yak is engulfed in noxious fumes.
The yak appears confused.
You shoot an arrow. The arrow hits the yak.
The yak is moderately wounded.
The yak is engulfed in noxious fumes.
Casting: Mephitic Cloud (safe; 1% risk of failure)
Confirm with . or Enter, or press ? or * to list all spells.
Okay, then.
Fire: b) +4 shortbow (heavy)
Press: ? - help, Q - select action, (/) - cycle Shift-Dir - straight line, f - death yak, p - yak
Aim: a death yak (82% to hit)
You shoot an arrow. The arrow hits the yak.
The yak is moderately wounded.
The yak is engulfed in noxious fumes.
The yak appears confused.
The yak is engulfed in noxious fumes.
The yak appears confused.
The yak gores you!
Casting: Mephitic Cloud (safe; 1% risk of failure)
Confirm with . or Enter, or press ? or * to list all spells.
Aiming: Mephitic Cloud (safe; 1% risk of failure)
Press: ? - help, Shift-Dir - straight line, f/p - death yak
Aim: a death yak (chance to affect: 34%)
The ball explodes into a vile cloud!
The stinking cloud engulfs the yak but does no damage.
The yak is moderately wounded.
The stinking cloud engulfs the death yak but does no damage.
The stinking cloud engulfs you but does no damage.
The yak bellows!
You hear a bellow! x2
The death yak is engulfed in noxious fumes.
The yak is engulfed in noxious fumes.
The yak closely misses you.
Unknown command.
Unknown command.
Fire: b) +4 shortbow (heavy)
Press: ? - help, Q - select action, (/) - cycle Shift-Dir - straight line, p - death yak You shoot an arrow.
The arrow hits the yak!
The yak is severely wounded.
The death yak is engulfed in noxious fumes.
The yak is engulfed in noxious fumes.
The yak closely misses you.
The death yak is engulfed in noxious fumes.
The yak is engulfed in noxious fumes.
The yak appears confused.
The yak closely misses you.
The yak gores itself!
Fire: b) +4 shortbow (heavy)
Press: ? - help, Q - select action, (/) - cycle Shift-Dir - straight line, f - yak
Aim: a yak (noxious fumes, almost dead, confused, 88% to hit)
You shoot an arrow. The arrow hits the yak.
You kill the yak!
Makhleb accepts your kill.
You feel better.
The death yak is engulfed in noxious fumes.
The death yak closely misses you.
Press: ? - help, v - describe, . - travel, g - get item
Here: a death yak (noxious fumes) Item here: a yak corpse.
The floor, spattered with blood.
Unknown command.
Casting: Mephitic Cloud (safe; 1% risk of failure)
Confirm with . or Enter, or press ? or * to list all spells.
Aiming: Mephitic Cloud (safe; 1% risk of failure)
Press: ? - help, Shift-Dir - straight line, f - death yak
Aim: a death yak (noxious fumes, chance to affect: 34%)
The ball explodes into a vile cloud!
The stinking cloud engulfs the death yak but does no damage. x2
The stinking cloud engulfs you but does no damage.
The death yak snorts and paws the ground.
The death yak is engulfed in noxious fumes. x2
The death yak gores you!
Unknown command.
Unknown command.
Press: ? - help, v - describe, . - travel, g - get item
Here: a death yak (noxious fumes) Item here: a yak corpse.
The floor, spattered with blood.
Unknown command.
Casting: Mephitic Cloud (safe; 1% risk of failure)
Confirm with . or Enter, or press ? or * to list all spells.
A tiny devil pulls itself out of the air.
The death yak is engulfed in noxious fumes. x2
The death yak barely misses you.
Fire: b) +4 shortbow (heavy)
Press: ? - help, Q - select action, (/) - cycle Shift-Dir - straight line, f/p - death yak
Aim: a death yak (ally target, 82% to hit)
You shoot an arrow. The arrow hits the death yak.
The death yak is lightly wounded.
The death yak gores you!
The death yak is engulfed in noxious fumes.
The death yak gores you!
The death yak is engulfed in noxious fumes.
The death yak appears confused.
The death yak gores the death yak!
Your cerulean imp hits the death yak but does no damage.
The death yak is engulfed in noxious fumes.
Your cerulean imp hits the death yak but does no damage.
The death yak is engulfed in noxious fumes.
The death yak attacks as it pursues you!
The death yak misses you.
Your cerulean imp hits the death yak but does no damage.
Casting: Call Imp (safe; 1% risk of failure)
Confirm with . or Enter, or press ? or * to list all spells.
You blink.
Your cerulean imp hits the death yak with a +0 spear.
You feel stable enough to blink again.
Your cerulean imp hits the death yak but does no damage.
The yak gores your cerulean imp.
Your cerulean imp hits the yak with a +0 spear.
You see here a +0 whip.
Something misses your cerulean imp.
Your cerulean imp hits the death yak but does no damage.
There is an open door here.
Your cerulean imp completely misses the death yak.
Okay, then.
Unknown command.
Unknown command.
Press: ? - help, v - describe, . - travel
Here: a death yak (ally target)
The floor.
You drop 2 fizzy grey potions.
Unknown command.
Unknown command.
Level annotation: 2 runed translucent doors Welcome back, scionoferis the Djinni Hedge Wizard.
Blood and souls for Makhleb!
Press ? for a list of commands and other information.
Unknown command.
Cast which spell? (? or * to list)
Okay, then.
Your cerulean imp hits the death yak with a +0 spear.
Cast which spell? (? or * to list) Charge where?
Press: ? - help, Dir - move target, f - death yak
Aim: a death yak (lightly wounded, 97% to hit)
Okay, then.
Unknown command.
Casting: Vhi's Electric Charge (safe; 1% risk of failure)
Confirm with . or Enter, or press ? or * to list all spells.
Aiming: Mephitic Cloud (safe; 1% risk of failure)
Press: ? - help, Shift-Dir - straight line The ball explodes into a vile cloud!
The stinking cloud engulfs the death yak but does no damage. x2
The death yak is lightly wounded.
You hear a bellow!
The death yak is engulfed in noxious fumes. x2
Casting: Mephitic Cloud (safe; 1% risk of failure)
Confirm with . or Enter, or press ? or * to list all spells.
Charge where?
Press: ? - help, Dir - move target, f - death yak
Aim: a death yak (noxious fumes, lightly wounded, 97% to hit)
You charge forward with an electric crackle!
You clumsily bash the death yak but do no damage.
The death yak is lightly wounded.
The death yak is engulfed in noxious fumes.
The death yak gores you but does no damage. x2
Your cerulean imp hits the death yak but does no damage.
The death yak is engulfed in noxious fumes.
The death yak misses you.
The yak barely misses your cerulean imp.
The death yak gores you!
* * * LOW HITPOINT WARNING * * *
Casting: Vhi's Electric Charge (safe; 1% risk of failure)
Confirm with . or Enter, or press ? or * to list all spells.
Charge where?
Press: ? - help, Dir - move target, f - yak, p - death yak
Aim: a yak (90% to hit)
You charge forward with an electric crackle!
You clumsily bash the yak but do no damage.
* * * LOW HITPOINT WARNING * * *
The death yak gores you!
* * * LOW HITPOINT WARNING * * *
The yak closely misses you.
Your cerulean imp completely misses the death yak.
Blink to where?
Press: ? - help, Dir - move target, p - yak
As you read the scroll of blinking, it crumbles to dust.
The yak bellows! x2
The yak gores you.
You die...

Skill      XL: |  1  2  3  4  5  6  7  8  9 10 11 |
---------------+----------------------------------+-----
Spellcasting   | 3 4 5 7 8 9 |  9.4
Conjurations   | 3 4 5 7 8 9 |  9.4
Hexes          | 3 4 5 7 8 9 |  9.4
Summonings     | 3 4 5 7 8 9 |  9.4
Necromancy     | 3 4 5 7 8 9 |  9.4
Translocations | 3 4 5 7 8 9 |  9.4
Transmutations | 3 4 5 7 8 9 |  9.4
Fire Magic     | 3 4 5 7 8 9 |  9.4
Ice Magic      | 3 4 5 7 8 9 |  9.4
Air Magic      | 3 4 5 7 8 9 |  9.4
Earth Magic    | 3 4 5 7 8 9 |  9.4
Poison Magic   | 3 4 5 7 8 9 |  9.4
Fighting       | 1 2 3 4 6 7 8 |  8.3
Stealth        | 2 3 4 5 |  5.0
Dodging        | 3 4 5 |  5.0
Armour         | 2 4 5 |  5.0
Evocations     | 2 |  2.7

Action                     |  1- 3 |  4- 6 |  7- 9 | 10-12 || total
---------------------------+-------+-------+-------+-------++-------
  Melee: Dagger            |     1 |     9 |   163 |   248 ||   421
         Punch             |       |       |     5 |    10 ||    15
         Shortbow          |       |       |       |     2 ||     2
   Fire: Orcbow            |       |       |     1 |     3 ||     4
         Shortbow          |       |       |       |    88 ||    88
  Throw: Dart              |       |       |     2 |     3 ||     5
   Cast: Magic Dart        |    97 |   165 |   191 |    29 ||   482
         Freeze            |     2 |     7 |     1 |       ||    10
         Call Imp          |       |     4 |     2 |     7 ||    13
         Mephitic Cloud    |       |     4 |    36 |    39 ||    79
         Blink             |       |       |     2 |     1 ||     3
         Vhi's Electric Ch |       |       |       |     2 ||     2
  Evoke: Wand              |       |       |     1 |       ||     1
    Use: Potion            |       |     1 |     1 |       ||     2
         Scroll            |       |       |     7 |     4 ||    11
   Stab: Sleeping          |       |     1 |     1 |     4 ||     6
         Confused          |       |     1 |     3 |    11 ||    15
         Distracted        |       |       |       |     1 ||     1
 Armour: Robe              |       |     7 |     1 |       ||     8
         Leather armour    |       |       |    54 |    59 ||   113
         Ring mail         |       |       |       |    29 ||    29
  Dodge: Dodged            |    13 |    25 |   109 |   181 ||   328

Levels and vault maps discovered:
D:1:      minmay_arrival_four_houses, layout_basic, serial_shops, shop,
          serial_bayou_pond_e
D:2:      layout_loops_ring, basic_altar, grunt_ministairs_7
D:3:      layout_rooms, gup_sewer_entry_pipe, serial_shops, nicolae_shop_trees
D:4:      layout_cave_pools, supply_closet_lemuel, uniq_ijyb
D:5:      layout_loops_ring, nemelex_xobeh_ov_fountains_minmay, xom_butterflies,
          serial_rivers, chequers_serial_rivers_large_a,
          chequers_serial_rivers_micro_c, chequers_serial_rivers_marsh,
          chequers_serial_rivers_room_b, chequers_serial_rivers_small_b
D:6:      layout_rooms
D:7:      minmay_the_grid_octo_2x2 [minmay_the_grid_octo_checkerflower,
          minmay_the_grid_octo_pinwheel, minmay_the_grid_octo_concentric,
          minmay_the_grid_octo_prize_big_c], layout_basic,
          minmay_temple_entry_gardened_gates, serial_demonic, serial_demonic_e,
          serial_demonic_g, serial_demonic_f, serial_demonic_c, uniq_joseph
D:8:      layout_loops_corners, okawaru_trees_2,
          mainiacjoe_overflow_cross_hatched
D:9:      layout_irregular_city, lemuel_crystal_altar, dpeg_lair_monsters,
          minmay_guarded_unrand_resistance
Temple:   sentei_temple_godly_chess

Notes
Turn   | Place    | Note
-------+----------+-------------------------------------------
     0 | D:1      | scionoferis the Djinni Hedge Wizard began the quest for the
                  | Orb.
     0 | D:1      | scionoferis set off with the following spells memorised:
                  | Magic Dart, Slow, Blink, Call Imp, Mephitic Cloud.
     0 | D:1      | Reached XP level 1. HP: 15/15 MP: 0/0
    90 | D:1      | Reached skill level 3 in Spellcasting
    90 | D:1      | Reached skill level 3 in Conjurations
    90 | D:1      | Reached skill level 3 in Hexes
    90 | D:1      | Reached skill level 3 in Summonings
    90 | D:1      | Reached skill level 3 in Necromancy
    90 | D:1      | Reached skill level 3 in Translocations
    90 | D:1      | Reached skill level 3 in Transmutations
    90 | D:1      | Reached skill level 3 in Fire Magic
    90 | D:1      | Reached skill level 3 in Ice Magic
    90 | D:1      | Reached skill level 3 in Air Magic
    90 | D:1      | Reached skill level 3 in Earth Magic
    90 | D:1      | Reached skill level 3 in Poison Magic
   104 | D:1      | Reached XP level 2. HP: 15/22 MP: 0/0
   258 | D:1      | Found Qicakh's Armour Boutique.
   400 | D:1      | Reached XP level 3. HP: 25/26 MP: 0/0
   400 | D:1      | Learned a level 1 spell: Freeze
   570 | D:1      | Reached skill level 1 in Fighting
   570 | D:1      | Reached skill level 2 in Stealth
  1016 | D:2      | Reached XP level 4. HP: 6/32 MP: 0/0
  1400 | D:2      | Reached skill level 3 in Dodging
  1504 | D:2      | Reached XP level 5. HP: 34/37 MP: 0/0
  1504 | D:2      | Learned a level 2 spell: Lesser Beckoning
  1602 | D:2      | Found a glowing silver altar of Zin.
  2009 | D:3      | Found a glowing drain.
  2102 | Sewer    | Entered a sewer
  2105 | Sewer    | Reached skill level 2 in Fighting
  2117 | Sewer    | HP: 3/38 [river rat (4)]
  2120 | Sewer    | Reached XP level 6. HP: 4/43 MP: 0/0
  2370 | Sewer    | Reached skill level 4 in Spellcasting
  2370 | Sewer    | Reached skill level 4 in Conjurations
  2370 | Sewer    | Reached skill level 4 in Hexes
  2370 | Sewer    | Reached skill level 4 in Summonings
  2370 | Sewer    | Reached skill level 4 in Necromancy
  2370 | Sewer    | Reached skill level 4 in Translocations
  2370 | Sewer    | Reached skill level 4 in Transmutations
  2370 | Sewer    | Reached skill level 4 in Fire Magic
  2370 | Sewer    | Reached skill level 4 in Ice Magic
  2370 | Sewer    | Reached skill level 4 in Air Magic
  2370 | Sewer    | Reached skill level 4 in Earth Magic
  2370 | Sewer    | Reached skill level 4 in Poison Magic
  2448 | Sewer    | Found a glowing silver altar of Zin.
  2794 | D:3      | Reached skill level 3 in Stealth
  2967 | D:3      | Found Lelo's Armour Shop.
  3147 | D:4      | Reached XP level 7. HP: 44/49 MP: 0/0
  3147 | D:4      | Learned a level 3 spell: Vhi's Electric Charge
  3354 | D:4      | Noticed Ijyb
  3385 | D:4      | Killed Ijyb
  3386 | D:4      | Reached skill level 4 in Dodging
  3582 | D:4      | Reached skill level 3 in Fighting
  4082 | D:5      | Entered Level 5 of the Dungeon
  4181 | D:5      | Reached XP level 8. HP: 56/56 MP: 0/0
  4269 | D:5      | Reached skill level 5 in Spellcasting
  4269 | D:5      | Reached skill level 5 in Conjurations
  4269 | D:5      | Reached skill level 5 in Hexes
  4269 | D:5      | Reached skill level 5 in Summonings
  4269 | D:5      | Reached skill level 5 in Necromancy
  4269 | D:5      | Reached skill level 5 in Translocations
  4269 | D:5      | Reached skill level 5 in Transmutations
  4269 | D:5      | Reached skill level 5 in Fire Magic
  4269 | D:5      | Reached skill level 5 in Ice Magic
  4269 | D:5      | Reached skill level 5 in Air Magic
  4269 | D:5      | Reached skill level 5 in Earth Magic
  4269 | D:5      | Reached skill level 5 in Poison Magic
  4626 | D:5      | Found a sparkling altar of Nemelex Xobeh.
  4806 | D:5      | Found a shimmering altar of Xom.
  4922 | D:5      | Reached skill level 4 in Stealth
  5020 | D:5      | Reached skill level 5 in Dodging
  5045 | D:5      | Reached skill level 4 in Fighting
  5065 | D:5      | Identified the +7 chain mail "Ifaoppoany" {rC+}
  5681 | D:6      | Noticed a yak
  5683 | D:6      | Noticed a yak
  5688 | D:6      | Noticed a yak
  5699 | D:6      | Killed a yak
  5700 | D:6      | Reached XP level 9. HP: 53/63 MP: 0/0
  5700 | D:6      | Learned a level 3 spell: Swiftness
  5701 | D:6      | Reached skill level 6 in Spellcasting
  5701 | D:6      | Reached skill level 6 in Conjurations
  5701 | D:6      | Reached skill level 6 in Hexes
  5701 | D:6      | Reached skill level 6 in Summonings
  5701 | D:6      | Reached skill level 6 in Necromancy
  5701 | D:6      | Reached skill level 6 in Translocations
  5701 | D:6      | Reached skill level 6 in Transmutations
  5701 | D:6      | Reached skill level 6 in Fire Magic
  5701 | D:6      | Reached skill level 6 in Ice Magic
  5701 | D:6      | Reached skill level 6 in Air Magic
  5701 | D:6      | Reached skill level 6 in Earth Magic
  5701 | D:6      | Reached skill level 6 in Poison Magic
  5709 | D:6      | Reached skill level 5 in Fighting
  5892 | D:6      | Reached skill level 5 in Stealth
  6206 | D:7      | Identified a scroll of acquirement
  6325 | D:7      | Found a staircase to the Ecumenical Temple.
  6339 | Temple   | Entered the Ecumenical Temple
  6348 | Temple   | Became a worshipper of Makhleb the Destroyer
  6795 | D:7      | Noticed a manticore
  6804 | D:7      | Noticed a troll
  6822 | D:7      | Reached skill level 7 in Spellcasting
  6822 | D:7      | Reached skill level 7 in Conjurations
  6822 | D:7      | Reached skill level 7 in Hexes
  6822 | D:7      | Reached skill level 7 in Summonings
  6822 | D:7      | Reached skill level 7 in Necromancy
  6822 | D:7      | Reached skill level 7 in Translocations
  6822 | D:7      | Reached skill level 7 in Transmutations
  6822 | D:7      | Reached skill level 7 in Fire Magic
  6822 | D:7      | Reached skill level 7 in Ice Magic
  6822 | D:7      | Reached skill level 7 in Air Magic
  6822 | D:7      | Reached skill level 7 in Earth Magic
  6822 | D:7      | Reached skill level 7 in Poison Magic
  6864 | D:7      | Noticed a troll
  7071 | D:7      | Noticed a boulder beetle
  7094 | D:7      | Killed a boulder beetle
  7095 | D:7      | Reached skill level 6 in Fighting
  7095 | D:7      | Reached skill level 2 in Armour
  7095 | D:7      | Reached XP level 10. HP: 48/72 MP: 0/0
  7356 | D:7      | Noticed a cyclops
  7366 | D:7      | Reached skill level 3 in Armour
  7651 | D:7      | Reached skill level 8 in Spellcasting
  7651 | D:7      | Reached skill level 8 in Conjurations
  7651 | D:7      | Reached skill level 8 in Hexes
  7651 | D:7      | Reached skill level 8 in Summonings
  7651 | D:7      | Reached skill level 8 in Necromancy
  7651 | D:7      | Reached skill level 8 in Translocations
  7651 | D:7      | Reached skill level 8 in Transmutations
  7651 | D:7      | Reached skill level 8 in Fire Magic
  7651 | D:7      | Reached skill level 8 in Ice Magic
  7651 | D:7      | Reached skill level 8 in Air Magic
  7651 | D:7      | Reached skill level 8 in Earth Magic
  7651 | D:7      | Reached skill level 8 in Poison Magic
  7901 | D:7      | Noticed Joseph
  7903 | D:7      | Killed a manticore
  7904 | D:7      | Reached skill level 7 in Fighting
  8721 | D:7      | Reached skill level 4 in Armour
  9142 | D:8      | Upgraded the game from 0.31-a0-331-geda263fcf1 to
                  | 0.31-a0-620-gd1cbd99268
  9287 | D:8      | Reached * piety under Makhleb
  9442 | D:8      | Noticed a two-headed ogre
  9453 | D:8      | Killed a two-headed ogre
  9454 | D:8      | Reached XP level 11. HP: 80/80 MP: 0/0
  9454 | D:8      | Learned a level 4 spell: Cause Fear
  9838 | D:8      | Found an iron altar of Okawaru.
 10165 | D:3      | Bought a +2 ring mail of cold resistance for 273 gold
                  | pieces
 10530 | D:9      | Reached skill level 1 in Evocations
 10597 | D:9      | Noticed an ice dragon
 10597 | D:9      | Noticed a fire dragon
 10598 | D:9      | Found a runed translucent door.
 10598 | D:9      | Found the +2 shield of Resistance {rF++ rC++ Will++}
 10598 | D:9      | Noticed an ice dragon
 10599 | D:9      | Noticed a fire dragon
 10602 | D:9      | Found a runed translucent door.
 10646 | D:9      | Reached skill level 5 in Armour
 10646 | D:9      | Reached skill level 9 in Spellcasting
 10646 | D:9      | Reached skill level 9 in Conjurations
 10646 | D:9      | Reached skill level 9 in Hexes
 10646 | D:9      | Reached skill level 9 in Summonings
 10646 | D:9      | Reached skill level 9 in Necromancy
 10646 | D:9      | Reached skill level 9 in Translocations
 10646 | D:9      | Reached skill level 9 in Transmutations
 10646 | D:9      | Reached skill level 9 in Fire Magic
 10646 | D:9      | Reached skill level 9 in Ice Magic
 10646 | D:9      | Reached skill level 9 in Air Magic
 10646 | D:9      | Reached skill level 9 in Earth Magic
 10646 | D:9      | Reached skill level 9 in Poison Magic
 10926 | D:9      | Reached skill level 8 in Fighting
 10976 | D:9      | Found a hazy altar of Hepliaklqana.
 11058 | D:9      | Noticed a death yak
 11148 | D:9      | Reached skill level 2 in Evocations
 11495 | D:9      | Found a staircase to the Lair.
 11499 | D:9      | Noticed a death yak
 11500 | D:9      | Noticed a death yak
 11766 | D:9      | HP: 3/81 [death yak (9)]
 11767 | D:9      | Slain by a yak

Vanquished Creatures
  A boulder beetle (D:7)
  A two-headed ogre (D:8)
  A manticore (D:7)
  2 trolls (D:7)
  4 wraiths (D:7 D:9 D:8)
  9 yaks (D:6 D:7 D:9)
  2 wyverns (D:9)
  A steam dragon (D:7)
  3 water moccasins (D:7 D:9)
  A black bear (D:4)
  2 orc warriors (D:8 D:9)
  2 ogres (D:6 D:7)
  A phantom (D:7)
  3 centaurs (D:5 D:8 D:9)
  2 kobold brigands (Sewer D:8)
  A gnoll sergeant (D:7)
  4 bullfrogs (D:6 D:7 D:8)
  2 scorpions (D:5)
  A wight (D:7)
  5 killer bees (D:9)
  3 howler monkeys (D:7 D:8)
  A quasit (D:7)
  6 hounds (D:4 D:5 D:6)
  2 jellies (D:6 D:7)
  6 orc priests (D:3 D:4 D:5 D:8 D:7)
  2 gnoll boudas (D:5 D:7)
  2 iguanas (D:4)
  2 sleepcaps (D:5)
  Ijyb (D:4)
  11 orc wizards (D:5 D:6 D:7 D:8 D:9)
  7 gnolls (D:2 D:5)
  11 adders (D:2 D:3 D:4 D:5 D:6)
  5 river rats (Sewer)
  5 white imps (D:5 D:7)
  An ufetubus (D:7)
  2 worms (D:2 D:3)
  2 dart slugs (D:1 D:3)
  28 orcs (D:3 D:4 D:5 D:6 D:7)
  5 bats (D:1 D:3)
  5 endoplasms (D:1 D:2 D:4)
  5 giant cockroaches (D:1 D:2 D:3)
  5 goblins (D:1 D:2 D:3)
  7 hobgoblins (D:1 D:2 D:3 D:4)
  14 jackals (D:1 D:2 Sewer D:3)
  6 quokkas (D:2 D:3 D:4)
  5 ball pythons (D:1 D:4)
  6 frilled lizards (D:1 D:2)
  12 kobolds (D:1 D:2 D:3 Sewer D:4)
  15 rats (D:1 D:2 Sewer D:3)
230 creatures vanquished.

Vanquished Creatures (collateral kills)
  2 wights (D:7)
  A worm (D:3)
  A hobgoblin (D:3)
4 creatures vanquished.

Vanquished Creatures (others)
  An orc wizard (D:8)
1 creature vanquished.

Grand Total: 235 creatures vanquished

Table legend: (Time is in decaauts)
 A = Elapsed time spent in this place.
 B = Non-inter-level travel time spent in this place.
 C = Inter-level travel time spent in this place.
 D = Time resting spent in this place.
 E = Time spent auto-exploring this place.
 F = Levels seen in this place.
 G = Mean time per level.
                   A        B        C        D        E       F      G
               +--------+--------+--------+--------+--------+-----+--------+
         Total |  11896 |  10974 |    922 |   3215 |   4426 |  11 | 1081.5 |
       Dungeon |  11493 |  10584 |    909 |   3043 |   4377 |   9 | 1277.0 |
        Temple |     18 |      5 |     13 |      0 |      0 |   1 |   18.0 |
         Sewer |    383 |    383 |      0 |    172 |     49 |   1 |  383.0 |
               +--------+--------+--------+--------+--------+-----+--------+

Top non-repeatable levels by time:
     D:7: 2806 daAuts
     D:8: 1547 daAuts
     D:5: 1332 daAuts
     D:9: 1171 daAuts
     D:3: 1034 daAuts
     D:1: 992 daAuts
     D:4: 989 daAuts
     D:2: 902 daAuts
     D:6: 717 daAuts
   Sewer: 383 daAuts
  Temple: 18 daAuts

Table legend:
 A = Non-vault XP
 B = Vault XP
 C = Vault XP percentage of total XP
 D = Non-vault monster count
 E = Vault monster count
 F = Vault count percentage of total count
                 A         B        C        D         E       F
            +---------+---------+-------+---------+---------+-------
      Total |    7121 |    3836 |  35.0 |     189 |      46 |  19.6
            +---------+---------+-------+---------+---------+-------
        D:1 |      52 |       0 |   0.0 |      34 |       0 |   0.0
        D:2 |     101 |      15 |  12.9 |      21 |       2 |   8.7
        D:3 |     154 |      12 |   7.2 |      25 |       6 |  19.4
        D:4 |     342 |      35 |   9.3 |      20 |       1 |   4.8
        D:5 |     671 |       0 |   0.0 |      20 |       0 |   0.0
        D:6 |    1007 |       0 |   0.0 |      14 |       0 |   0.0
        D:7 |     803 |    3170 |  79.8 |      14 |      21 |  60.0
        D:8 |    1792 |       0 |   0.0 |      23 |       0 |   0.0
        D:9 |    2199 |     429 |  16.3 |      18 |       2 |  10.0
      Sewer |       0 |     175 | 100.0 |       0 |      14 | 100.0
            +---------+---------+-------+---------+---------+-------
